[Event "Early-Titled-Tuesday-Blitz-May-14-2024"]
[Site "Chess.com"]
[Date "2024.05.14"]
[Round "7"]
[White "MaxLeto"]
[Black "rionelG"]
[Result "0-1"]
[WhiteElo "2408"]
[BlackElo "2290"]
[TimeControl "180+1"]
[EndTime "9:18:42 PDT"]
[Termination "rionelG won on time"]

1. e4 c5 2. Nf3 d6 3. d4 cxd4 4.
Nxd4 Nf6 5. Nc3 a6 6. h3 b5 7. g4 b4 8. g5 bxc3 9. gxf6 gxf6 10. Bc4 cxb2 11. Bxb2 Qa5+ 12. Kf1 Bd7 13. Nb3 Qc7 14. Bxf7+ Kd8 15. Nd4 Qc8 16. Qh5 Nc6 17. Rd1 Nxd4 18. Bxd4 Qxc2 19. Kg2 Qxe4+ 20. Kh2 Qf4+ 21. Kg2 Bc6+ 22. f3 Rb8 0-1

[Event "Early-Titled-Tuesday-Blitz-May-14-2024"]
[Site "Chess.com"]
[Date "2024.05.14"]
[Round "7"]
[White "jaskol95"]
[Black "nitpicker"]
[Result "1-0"]
[WhiteElo "2507"]
[BlackElo "2275"]
[TimeControl "180+1"]
[EndTime "9:18:42 PDT"]
[Termination "jaskol95 won by resignation"]

1. d4 Nf6 2. Bf4 e6 3. e3 d6 4. c3 Nbd7 5. Nd2 Qe7 6. Ngf3 g6 7. Be2 Bg7 8. h4 e5 9. Bg3 e4 10. Ng5 O-O 11. Qc2 Re8 12. O-O-O Nf8 13. Nh3 h5 14.
Bf4 Bg4 15. Nf1 c5 16. Kb1 Red8 17. Bg5 Qc7 18. Bxf6 Bxf6 19. Bxg4 hxg4 20. Nf4 Qc6 21. Qe2 cxd4 22. exd4 Qd7 23. Qxe4 Qf5 24. Qxf5 gxf5 25. Ne3 Re8 26. Nxf5 Re4 27. g3 Ne6 28. Nxe6 Rxe6 29. Nh6+ Kg7 30. Nxg4 Be7 31. Rhe1 Rh8 32. Rxe6 fxe6 33.
Re1 Kf7 34. Kc2 Rh5 35. Kd3 Ra5 36. a3 Rb5 37. b4 a5 38. Ne3 axb4 39. axb4 Rb6 40.
Ra1 Rc6 41. Nc4 b5 42. Ne3 e5 43. dxe5 dxe5 44. Ra7 Ke6 45. Rb7 Rd6+ 46. Kc2 Ra6 47. Kb2 1-0

[Event "Early-Titled-Tuesday-Blitz-May-14-2024"]
[Site "Chess.com"]
[Date "2024.05.14"]
[Round "7"]
[White "Grischuk"]
[Black "maciek_92"]
[Result "1-0"]
[WhiteElo "3117"]
[BlackElo "2837"]
[TimeControl "180+1"]
[EndTime "9:18:44 PDT"]
[Termination "Grischuk won on time"]

1. d4 Nf6 2. c4 e6 3. Bg5 c5 4. d5 h6 5. Bh4 b5 6. dxe6 fxe6 7.
cxb5 d5 8. Nd2 Be7 9. Ngf3 O-O 10. e3 a6 11. bxa6 Nxa6 12. Be2 Nb4 13. a3 Nc6 14. b3 e5 15. Bxf6 Rxf6 16. e4 d4 17. Bc4+ Kh8 18. O-O Bg4 19. Qc2 Bd6 20. Ne1 Ne7 21. f3 Bd7 22. Nd3 g5 23. a4 Ra7 24.
Bb5 Bxb5 25. axb5 Qb6 26. Nc4 Qb8 27. Nxd6 Rxa1 28. Rxa1 Qxd6 29. Ra6 1-0

[Event "Early-Titled-Tuesday-Blitz-May-14-2024"]
[Site "Chess.com"]
[Date "2024.05.14"]
[Round "7"]
[White "Zq1"]
[Black "artin10862"]
[Result "0-1"]
[WhiteElo "2613"]
[BlackElo "2854"]
[TimeControl "180+1"]
[EndTime "9:18:44 PDT"]
[Termination "artin10862 won by resignation"]

1. d4 d5 2. c4 dxc4 3. Nf3 a6 4. a4 e6 5. e3 Nf6 6. Bxc4 c5 7. O-O cxd4 8.
exd4 Nc6 9. Nc3 Nb4 10. Bg5 Be7 11. Qb3 Nc6 12. Qa2 O-O 13. Rad1 h6 14. Bh4 Nd5 15.
Bxd5 exd5 16. Bxe7 Nxe7 17. Ne5 Bf5 18. a5 f6 19. Nd3 Bxd3 20. Rxd3 Qd7 21. Re1 Rad8 22. Rde3 Nc6 23. Qa4 Qc7 24. Ra1 Qf7 25. g3 Rfe8 26. Rae1 Rxe3 27. Rxe3 Qd7 28. Kg2 Qc7 29. Qb3 Nxa5 30.
Nxd5 Qc6 0-1

[Event "Early-Titled-Tuesday-Blitz-May-14-2024"]
[Site "Chess.com"]
[Date "2024.05.14"]
[Round "7"]
[White "Herzog2012"]
[Black "ArtemDyachuk"]
[Result "1-0"]
[WhiteElo "2569"]
[BlackElo "2695"]
[TimeControl "180+1"]
[EndTime "9:18:44 PDT"]
[Termination "Herzog2012 won on time"]

1. e4 e5 2. Nc3 Nc6 3. g3 Bc5 4.
Bg2 d6 5. Nge2 Nge7 6. Na4 O-O 7. Nxc5 dxc5 8. O-O Ng6 9. d3 b6 10. f4 f6 11. f5 Nge7 12. g4 Qe8 13. h4 Ba6 14. b3 Rd8 15. Ng3 c4 16. bxc4 Bxc4 17.
g5 Kh8 18. Qg4 Bg8 19. Nh5 Nc8 20. gxf6 g6 21. Bh6 Bf7 22. Bg7+ Kg8 23. Qg5 Nd6 24. Qh6 Bxa2 25. Rxa2 Nf7 26. Qe3 Nd4 27. c3 Nb3 28.
Bf3 Nc5 29. d4 exd4 30. cxd4 gxh5 31. Rg2 1-0

[Event "Early-Titled-Tuesday-Blitz-May-14-2024"]
[Site "Chess.com"]
[Date "2024.05.14"]
[Round "7"]
[White "Chernov_Alexander_A"]
[Black "MikeWizard"]
[Result "1-0"]
[WhiteElo "2270"]
[BlackElo "2009"]
[TimeControl "180+1"]
[EndTime "9:18:50 PDT"]
[Termination "Chernov_Alexander_A won by checkmate"]

1. d4 Nf6 2. Nc3 d6 3. e4 Nbd7 4.
Nf3 e5 5. Bc4 Be7 6. O-O c6 7.
a4 Qc7 8. Re1 h6 9. h3 g5 10. Nh2 Nf8 11. Nf1 Be6 12. Bxe6 Nxe6 13. Be3 Rd8 14. Ng3 exd4 15. Bxd4 Nxd4 16. Qxd4 Qb6 17.
Nf5 Qxd4 18. Nxd4 Nd7 19. a5 a6 20. Nf5 Ne5 21. Ne2 Bf6 22. Rad1 d5 23. exd5 Rxd5 24. Rxd5 cxd5 25. f4 Nc4 26. Nc3+ Kd7 27. Nxd5 Bxb2 28. fxg5 hxg5 29. Re7+ Kc6 30. Nb4+ Kb5 31.
Rxb7+ Kxa5 32. Nc6+ Ka4 33. Rb4+ Ka3 34. Rxc4 Rc8 35.
Nfe7 Rc7 36. Nd5 Rc8 37. Kf2 Bc1 38. Ke2 a5 39. Nxa5 Re8+ 40. Kd3 Rd8 41. Rc5 Bf4 42. Nc4+ Ka4 43. Ke4 Bc1 44. Ra5# 1-0

[Event "Early-Titled-Tuesday-Blitz-May-14-2024"]
[Site "Chess.com"]
[Date "2024.05.14"]
[Round "7"]
[White "Shuvalov"]
[Black "Doublekk14"]
[Result "1-0"]
[WhiteElo "2545"]
[BlackElo "2352"]
[TimeControl "180+1"]
[EndTime "9:18:51 PDT"]
[Termination "Shuvalov won on time"]

1. d4 Nf6 2. c4 e6 3. Nf3 d5 4. Nc3 h6 5. Bf4 Bd6 6. Qc1 Nc6 7. c5 Bxf4 8. Qxf4 a6 9. g4 Ne7 10. Ne5 Nc6 11. Nxc6 bxc6 12. Bg2 Rb8 13. O-O-O Bd7 14. h4 Rb7 15. g5 Ng8 16. e4 Qb8 17. b3 Ne7 18.
Kb2 Ng6 19. Qg3 hxg5 20. hxg5 Ke7 21. f4 Rxh1 22. Rxh1 Rb4 23. f5 exf5 24. exd5 Rxd4 25. Qe3+ Re4 26. Nxe4 fxe4 27. Bxe4 Kf8 28. Bxg6 fxg6 29. Rh8+ 1-0

[Event "Early-Titled-Tuesday-Blitz-May-14-2024"]
[Site "Chess.com"]
[Date "2024.05.14"]
[Round "7"]
[White "meoluoi91"]
[Black "GambitGiesbergen"]
[Result "1-0"]
[WhiteElo "2569"]
[BlackElo "2341"]
[TimeControl "180+1"]
[EndTime "9:18:54 PDT"]
[Termination "meoluoi91 won by resignation"]

1. d4 d5 2. c4 e6 3. Nc3 c6 4. e3 f5 5. Bd3 Bd6 6. Nge2 Nf6 7. f3 O-O 8. Qc2 Nbd7 9. Bd2 a5 10. O-O Qe8 11. cxd5 Nxd5 12. e4 Nb4 13. Qb1 Nxd3 14.
Qxd3 e5 15. exf5 Bc7 16. Ne4 Rxf5 17. Nd6 Bxd6 18. Qxf5 Nf6 19. Qd3 Qh5 20. Ng3 Qf7 21. dxe5 Bxe5 22. Bc3 Bxc3 23. Qxc3 Be6 24. Ne4 Nd5 25. Qe5 Re8 26. Nd6 Qe7 27. Nxe8 Qxe8 28. Rfe1 Kf7 29. Qd6 Qc8 30. Re5 a4 31. Rae1 Nf4 32.
R5e4 g5 33. g3 Nh3+ 34. Kg2 Bd5 35. Re7+ Kg8 36. Re8+ 1-0

[Event "Early-Titled-Tuesday-Blitz-May-14-2024"]
[Site "Chess.com"]
[Date "2024.05.14"]
[Round "7"]
[White "Zarinur"]
[Black "Buzhizhebuguai"]
[Result "0-1"]
[WhiteElo "2566"]
[BlackElo "2769"]
[TimeControl "180+1"]
[EndTime "9:18:57 PDT"]
[Termination "Buzhizhebuguai won by resignation"]

1. e4 e6 2. d4 d5 3. e5 c5 4. c3 Qb6 5. Nf3 Nc6 6. Bd3 cxd4 7. O-O Bd7 8. Re1 a6 9. Nbd2 Nge7 10. cxd4 Ng6 11. Nb3 Be7 12. g3 Nb4 13. Bb1 Ba4 14. h4 h6 15. Be3 Nf8 16. Nfd2 Rc8 17. Qg4 g6 18. Nc5 Bc2 19. Rc1 Bxb1 20. Nxb1 h5 21. Qh3 Nd7 22. a3 Nc6 23. b4 Nxc5 24. bxc5 Qb2 25.
Nc3 b5 26. cxb6 Qxb6 27. Nxd5 Qb7 28. Rab1 Qa7 29. Nxe7 Qxe7 30. Rxc6 Rxc6 31. Rb8+ Kd7 32. Rxh8 Qxa3 33. Bg5 Rb6 34. Rd8+ Kc7 35. Qf1 Qa2 36. Qc1+ Rc6 37. Qd2 Qxd2 38. Bxd2 Kxd8 39. Ba5+ Kd7 0-1

[Event "Early-Titled-Tuesday-Blitz-May-14-2024"]
[Site "Chess.com"]
[Date "2024.05.14"]
[Round "7"]
[White "Jesseinkman"]
[Black "Orest_Vovk"]
[Result "1-0"]
[WhiteElo "2534"]
[BlackElo "2649"]
[TimeControl "180+1"]
[EndTime "9:19:01 PDT"]
[Termination "Jesseinkman won by resignation"]

1. e4 g5 2. d4 g4 3. Nc3 Bg7 4.
Be3 h5 5. Qd2 d6 6. O-O-O c6 7.
Kb1 Qa5 8. f3 b5 9. fxg4 hxg4 10. Bd3 Nd7 11. h4 Nb6 12. h5 Nh6 13. g3 Nc4 14. Bxc4 bxc4 15. Nge2 Rb8 16. Ka1 Qb4 17. Rb1 Rb6 18. Rhd1 Ra6 19. e5 Nf5 20. h6 Bxh6 21. Bxh6 Rxh6 22. Rh1 Rxh1 23. Rxh1 Be6 24. Nf4 Rb6 25. Qc1 d5 26. Nxe6 fxe6 27. Rh8+ Kd7 28. a3 Qa5 29. Qg5 Rb7 30. Qg8 Nd6 31. exd6 Kxd6 32.
Qc8 Rd7 33. Qb8+ Qc7 34. Qb4+ c5 35. Nb5+ Kc6 36. Qxc5+ 1-0

[Event "Early-Titled-Tuesday-Blitz-May-14-2024"]
[Site "Chess.com"]
[Date "2024.05.14"]
[Round "7"]
[White "DonkyDonkyDonkey"]
[Black "IlanSchnaider"]
[Result "1-0"]
[WhiteElo "2917"]
[BlackElo "2737"]
[TimeControl "180+1"]
[EndTime "9:19:03 PDT"]
[Termination "DonkyDonkyDonkey won by resignation"]

1. d4 Nf6 2. Nc3 d5 3. Bf4 c5 4. e3 cxd4 5. exd4 Bg4 6. Nf3 a6 7. h3 Bxf3 8. Qxf3 e6 9. O-O-O Nc6 10. g4 Bb4 11. g5 Nd7 12. a3 Be7 13. h4 Qa5 14. Bh3 Nb6 15. h5 Bxa3 16. bxa3 Qxa3+ 17. Kd2 Nxd4 18. Qd3 Nc4+ 19. Ke1 e5 20. Kf1 Nb2 21.
Bc1 Nxd3 22. Bxa3 Nf4 23. Bd6 f6 24. h6 gxh6 25. gxf6 Nxh3 26. Rxh3 Nc6 27. Nxd5 Rd8 28. Ba3 Kf7 29. c4 Nd4 30. Rb1 b5 31. Be7 Rd7 32. Nb6 Rb7 33. c5 Rhb8 34. Re1 Nf5 35. Rxe5 Nxe7 36.
fxe7 Rxe7 37. Rf3+ Ke8 38. Ref5 Re4 39. Rf8+ Ke7 40.
Rxb8 1-0

[Event "Early-Titled-Tuesday-Blitz-May-14-2024"]
[Site "Chess.com"]
[Date "2024.05.14"]
[Round "7"]
[White "HanSchut"]
[Black "CristhianPortalR"]
[Result "1/2-1/2"]
[WhiteElo "2396"]
[BlackElo "2542"]
[TimeControl "180+1"]
[EndTime "9:19:03 PDT"]
[Termination "Game drawn by agreement"]

1. e4 c5 2. Nf3 d6 3. d4 cxd4 4. Nxd4 Nf6 5. f3 a6 6. c4 e6 7. Nc3 Be7 8. Be3 O-O 9. Be2 Nc6 10. O-O Rb8 11. Rc1 Bd7 12. Qd2 Nxd4 13. Bxd4 b5 14. cxb5 axb5 15. b4 e5 16. Be3 Be6 17. a4 bxa4 18.
b5 d5 19. exd5 Nxd5 20. Nxd5 Qxd5 21. Qxd5 Bxd5 22. b6 a3 23. Rfd1 Be6 24. Bc4 Bf5 25. Bd5 Rfd8 26. b7 Rxd5 27. Rxd5 Rxb7 28. Rxe5 Be6 29. Ra5 f6 30. Rc6 Kf7 31. Rb6 Rd7 32. Rba6 Rd1+ 33. Kf2 Bb4 34. Ra7+ Kg6 35. Ra4 Rb1 36.
Rxb4 1/2-1/2

[Event "Early-Titled-Tuesday-Blitz-May-14-2024"]
[Site "Chess.com"]
[Date "2024.05.14"]
[Round "7"]
[White "Shushik"]
[Black "temus_galaktionov"]
[Result "0-1"]
[WhiteElo "2546"]
[BlackElo "2855"]
[TimeControl "180+1"]
[EndTime "9:19:04 PDT"]
[Termination "temus_galaktionov won by resignation"]

1. e4 c6 2. d4 g6 3. Nc3 d6 4.
Be3 Bg7 5. Qd2 Nd7 6. O-O-O Qa5 7. Kb1 b5 8. a3 Ngf6 9. f3 Rb8 10. g4 b4 11. Na2 c5 12. e5 dxe5 13. dxe5 Nxe5 14. Bxc5 O-O 15. Bxe7 Re8 16. Bxb4 Qb6 17. Be2 Bb7 18. Ba5 Qc5 19. Qc3 Qe7 20. Qc7 Nfd7 21. Nh3 Rec8 22. Qd6 Qh4 23. Nf4 Bf8 24. Qd2 Nc5 25. Bb4 Nxf3 26. Bxf3 Bxf3 27. Qd4 Rd8 28. Rhf1 Rxd4 29. Rxd4 Ba8 30. Rfd1 Qxg4 31. Nd5 Qf5 32. Nac3 Ne6 33. R4d3 Bxd5 34. Nxd5 Bxb4 35. axb4 Kg7 36. b3 Nf4 37.
Rd4 Nxd5 38. Rxd5 Qf2 39. R5d2 Qh4 40. Rd4 Qxh2 41. Kb2 Rb7 42. R1d2 Qe5 43. c3 h5 44. Rd5 Qf6 45. Rd6 Qe7 46. R6d4 f5 47. c4 g5 48. c5 Qe5 49. Ka2 h4 50. c6 Rc7 51.
Rd7+ Kg6 52. R2d6+ Kh5 53. Rxc7 Qxd6 54. Rh7+ Kg6 55. c7 Qa6+ 56. Kb2 Kxh7 0-1

[Event "Early-Titled-Tuesday-Blitz-May-14-2024"]
[Site "Chess.com"]
[Date "2024.05.14"]
[Round "7"]
[White "Flawless_Fighter"]
[Black "GrotBchess"]
[Result "1/2-1/2"]
[WhiteElo "2680"]
[BlackElo "2537"]
[TimeControl "180+1"]
[EndTime "9:19:04 PDT"]
[Termination "Game drawn by repetition"]

1. e4 c5 2. Nf3 e6 3. c3 Nf6 4. e5 Nd5 5. d4 cxd4 6. cxd4 d6 7. Bc4 Be7 8. O-O O-O 9. Qe2 b6 10. Bxd5 exd5 11. Nc3 Ba6 12. Nb5 Qd7 13. a4 Nc6 14. Bf4 dxe5 15. Nxe5 Nxe5 16. dxe5 Rac8 17. Rfd1 Rc4 18.
Qd2 Bb4 19. Qe3 Bc5 20. Qg3 Qf5 21. Be3 Bxe3 22. Qxe3 Re4 23. Nd6 Rxe3 24. Nxf5 Rxe5 25. Rxd5 Rxd5 26. Ne7+ Kh8 27. Nxd5 Rd8 28. Nc7 Bb7 29. Re1 g6 30. Re8+ Rxe8 31. Nxe8 Bc6 32. Nd6 Bxa4 33.
Nxf7+ Kg7 34. Nd6 Bd7 35. f4 Kf6 36. Kf2 Ke6 37. Ne4 Kf5 38. Ke3 Bc6 39. Nd6+ Ke6 40. Ne4 Kf5 41. h3 h5 42. Nd6+ Ke6 43. Ne4 Kf5 44. Nd6+ Ke6 45. Ne4 Kf5 1/2-1/2

[Event "Early-Titled-Tuesday-Blitz-May-14-2024"]
[Site "Chess.com"]
[Date "2024.05.14"]
[Round "7"]
[White "TERMINATOR_PC"]
[Black "A4RookA3"]
[Result "1-0"]
[WhiteElo "2607"]
[BlackElo "2433"]
[TimeControl "180+1"]
[EndTime "9:19:04 PDT"]
[Termination "TERMINATOR_PC won by resignation"]

1. d4 Nf6 2. Nf3 e6 3. Bf4 c5 4.
e3 Qb6 5. Nbd2 d5 6. Rb1 Bd6 7.
Bxd6 Qxd6 8. c3 O-O 9. b4 cxb4 10. cxb4 a6 11. Bd3 Nc6 12. a3 e5 13. dxe5 Nxe5 14.
Be2 Be6 15. O-O Rac8 16. Nd4 Bg4 17. h3 Bxe2 18. Qxe2 Rfe8 19. Rbc1 Nc6 20. N2b3 Ne4 21. Nxc6 Rxc6 22. Rxc6 Qxc6 23. Rc1 Qf6 24. Nd4 g6 25. Rc7 Nd6 26. Qf3 Qxf3 27. Nxf3 Nb5 28. Rxb7 Nxa3 29. Nd4 Rc8 30. Ra7 Rc1+ 31. Kh2 Nc2 32. Rc7 Nxd4 33. Rxc1 Nb3 34. Rc6 a5 35. b5 a4 36. Ra6 Nc5 37. Ra8+ Kg7 38. b6 Kf6 39. Ra5 Nd7 40. Rxa4 Nxb6 41. Ra6 1-0

[Event "Early-Titled-Tuesday-Blitz-May-14-2024"]
[Site "Chess.com"]
[Date "2024.05.14"]
[Round "7"]
[White "zajka-molotok"]
[Black "JeFumeDesClopes"]
[Result "1-0"]
[WhiteElo "2553"]
[BlackElo "2691"]
[TimeControl "180+1"]
[EndTime "9:19:05 PDT"]
[Termination "zajka-molotok won by resignation"]

1. e4 g6 2. d4 Bg7 3. Nf3 d6 4. Be3 a6 5. c3 Nf6 6. Bd3 Nc6 7. O-O O-O 8. d5 Nb8 9. c4 c6 10. Nc3 Nbd7 11. h3 Nc5 12. Bc2 a5 13. e5 Nfd7 14.
exd6 exd6 15. dxc6 Ne5 16. Nxe5 Bxe5 17. Bxc5 dxc5 18.
Qxd8 Rxd8 19. Rad1 Rd4 20. Be4 bxc6 21. Bxc6 Rb8 22.
Nb5 Rxc4 23. Rfe1 Bb7 24. Bxb7 Rxb7 25. Na3 Rd4 26. b3 Rxd1 27. Rxd1 a4 28. Nc4 axb3 29. axb3 Bd4 30. Rd3 Kf8 31. g3 Ke7 32. Kg2 Ke6 33.
g4 Kd5 34. Rf3 f6 35. h4 Ke4 36. Nd6+ 1-0

[Event "Early-Titled-Tuesday-Blitz-May-14-2024"]
[Site "Chess.com"]
[Date "2024.05.14"]
[Round "7"]
[White "chito89"]
[Black "Nitzan_Steinberg"]
[Result "1-0"]
[WhiteElo "2824"]
[BlackElo "2954"]
[TimeControl "180+1"]
[EndTime "9:19:08 PDT"]
[Termination "chito89 won by resignation"]

1. e4 c5 2. Nc3 d6 3. f4 g6 4. Nf3 Bg7 5. Bb5+ Bd7 6. Bc4 Nc6 7. d3 Na5 8. Bd2 Nf6 9. e5 Nxc4 10. exf6 Nxd2 11.
fxg7 Nxf3+ 12. Qxf3 Rg8 13. Qxb7 Rb8 14. Qxa7 Bc6 15.
Qa6 Qd7 16. O-O-O Rxg7 17. Rhe1 Kf8 18. g3 Kg8 19. d4 cxd4 20. Rxd4 Kh8 21. Qe2 Rb7 22.
b3 Rg8 23. Qc4 Rf8 24. f5 Kg8 25. fxg6 hxg6 26. Rh4 e5 27. Rh6 Qe7 28. Rxg6+ Kh7 29. Rg4 Bd7 30. Qe4+ f5 31. Rh4+ 1-0

[Event "Early-Titled-Tuesday-Blitz-May-14-2024"]
[Site "Chess.com"]
[Date "2024.05.14"]
[Round "7"]
[White "teresin05"]
[Black "Brahianzevich"]
[Result "0-1"]
[WhiteElo "2260"]
[BlackElo "2405"]
[TimeControl "180+1"]
[EndTime "9:19:08 PDT"]
[Termination "Brahianzevich won by resignation"]

1. e4 c5 2. Nf3 d6 3. d4 cxd4 4. Nxd4 Nf6 5. f3 a6 6. c4 e6 7. Nc3 Be7 8. Be3 O-O 9. Nc2 b6 10. Be2 Bb7 11. O-O Nbd7 12. Qd2 Qc7 13. Rfd1 Rac8 14. Rac1 Ne5 15. Nd4 Bd8 16. b3 Re8 17.
Bf1 Qb8 18. Qf2 Bc7 19. Na4 Ba8 20. Nc2 d5 21. exd5 exd5 22. Bxb6 dxc4 23. Bxc7 Rxc7 24. bxc4 Nxc4 25. Nd4 Qb4 26. Bxc4 Rxc4 27. Rxc4 Qxc4 28. Nb2 Qxa2 29. Nd3 Qa4 30. Nc5 Qxd1+ 0-1

[Event "Early-Titled-Tuesday-Blitz-May-14-2024"]
[Site "Chess.com"]
[Date "2024.05.14"]
[Round "7"]
[White "Denis_Makhnyov"]
[Black "kingofthenil"]
[Result "0-1"]
[WhiteElo "2981"]
[BlackElo "2858"]
[TimeControl "180+1"]
[EndTime "9:19:10 PDT"]
[Termination "kingofthenil won on time"]

1. d4 d6 2. Nf3 g6 3. e4 Bg7 4.
Bc4 e6 5. Bb3 Ne7 6. O-O h6 7.
Re1 Nd7 8. a4 c5 9. c3 O-O 10.
Be3 cxd4 11. Bxd4 e5 12. Be3 Nc5 13. Bxc5 dxc5 14. Nbd2 Qc7 15. Nc4 Be6 16. Nfd2 Rad8 17. Qc2 Rd7 18. Nf1 Rfd8 19. Rad1 a6 20. Rxd7 Rxd7 21.
Na3 c4 22. Ba2 Qc5 23. Ne3 b5 24. Rd1 Rb7 25. h3 h5 26. Qd2 Bh6 27. Qd8+ Kg7 28.
Nd5 Rd7 29. Qa8 Nxd5 30. exd5 Bxd5 31. Qxa6 Bb7 0-1

[Event "Early-Titled-Tuesday-Blitz-May-14-2024"]
[Site "Chess.com"]
[Date "2024.05.14"]
[Round "7"]
[White "Vesper2018"]
[Black "TregubovP"]
[Result "1-0"]
[WhiteElo "2562"]
[BlackElo "2695"]
[TimeControl "180+1"]
[EndTime "9:19:10 PDT"]
[Termination "Vesper2018 won by resignation"]

1. e4 c5 2. Nf3 e6 3. Nc3 Nc6 4. d4 cxd4 5. Nxd4 Nf6 6. Ndb5 Bb4 7. a3 Bxc3+ 8. Nxc3 d5 9. exd5 exd5 10. Bd3 O-O 11.
O-O d4 12. Ne2 Bg4 13. f3 Bh5 14. Bg5 Qd6 15. Nf4 Bg6 16. Nxg6 hxg6 17. Qd2 Rfe8 18. Rfe1 Nd5 19. Bh4 Nce7 20. Bf2 Rad8 21. Bxd4 Nf4 22. c3 Nxd3 23. Qxd3 Nf5 24. Rxe8+ Rxe8 25. Rd1 Nxd4 26. Qxd4 Qa6 27. c4 Qa4 28. Rd2 Re1+ 29. Kf2 Qe8 30. Qd8 Re2+ 31. Kg3 Qxd8 32. Rxd8+ Kh7 33. b4 Ra2 34. Rd7 f5 35. Rxb7 Rxa3 36. Kf4 Rc3 37. c5 a5 38. bxa5 Rc4+ 39. Kg5 Rxc5 40. a6 Ra5 41. a7 Ra2 42. g3 Ra3 43. h4 Ra4 44. g4 fxg4 45. fxg4 Ra5+ 46. Kf4 g5+ 47. hxg5 Kg6 48.
Ke4 Kxg5 49. Rxg7+ Kf6 50. Rb7 Ke6 51. g5 1-0

[Event "Early-Titled-Tuesday-Blitz-May-14-2024"]
[Site "Chess.com"]
[Date "2024.05.14"]
[Round "7"]
[White "malakismayil"]
[Black "mostafa_sakha"]
[Result "1-0"]
[WhiteElo "2529"]
[BlackElo "2332"]
[TimeControl "180+1"]
[EndTime "9:19:11 PDT"]
[Termination "malakismayil won on time"]

1. e4 e5 2. Nf3 Nc6 3. Bc4 Nf6 4. d3 Be7 5. O-O O-O 6. Nc3 d6 7. h3 Na5 8. Bg5 Nxc4 9. dxc4 Be6 10. b3 c6 11. Qd2 Qc7 12. Rad1 Rad8 13. Qe3 a6 14. Rd2 b5 15. cxb5 axb5 16. Rfd1 h6 17. Bh4 Ne8 18. Bxe7 Qxe7 19. a4 bxa4 20. Nxa4 Nf6 21. c4 Rfe8 22.
Nc3 Qc7 23. Na4 Rd7 24. g4 Rb8 25. Rd3 Ne8 26. g5 h5 27. Nh4 g6 28. f4 exf4 29.
Qxf4 Ng7 30. Qf6 Bxh3 31. Rxh3 d5 32. exd5 cxd5 33. Rhd3 Re7 34. cxd5 Re4 35. Ng2 Rg4 36. Qf3 Rbb4 37. d6 Qa7+ 38. Qf2 Rxg2+ 39. Kxg2 Rg4+ 40. Kf1 Qb7 41. d7 Qh1+ 42. Ke2 Re4+ 43. Kd2 1-0

[Event "Early-Titled-Tuesday-Blitz-May-14-2024"]
[Site "Chess.com"]
[Date "2024.05.14"]
[Round "7"]
[White "Artem_Koval"]
[Black "Makswolf200817"]
[Result "0-1"]
[WhiteElo "2572"]
[BlackElo "2781"]
[TimeControl "180+1"]
[EndTime "9:19:12 PDT"]
[Termination "Makswolf200817 won by resignation"]

1. d4 Nf6 2. Nf3 e6 3. Bf4 b6 4. e3 Be7 5. h3 Bb7 6. Nbd2 O-O 7. Bd3 d6 8. O-O c5 9. c3 Nbd7 10. a4 a6 11. Qe2 Re8 12. Bh2 Bf8 13. e4 cxd4 14.
cxd4 e5 15. dxe5 dxe5 16. Nc4 Nc5 17. Rad1 Nxd3 18. Rxd3 Qc7 19. Ncxe5 Bxe4 20. Re3 Qb7 21. Re1 Bd5 22. Bg3 Bc5 23. Bh4 Bxe3 24. Qxe3 Bxf3 25. gxf3 Nd5 26. Qb3 Re6 27. Bg3 Rae8 28. Re4 Nf6 29. Re3 Qd5 30. Qxb6 Rxb6 0-1

[Event "Early-Titled-Tuesday-Blitz-May-14-2024"]
[Site "Chess.com"]
[Date "2024.05.14"]
[Round "7"]
[White "RojonR"]
[Black "Happy1712Drummer"]
[Result "1-0"]
[WhiteElo "2612"]
[BlackElo "2445"]
[TimeControl "180+1"]
[EndTime "9:19:14 PDT"]
[Termination "RojonR won on time"]

1. e4 c5 2. Nf3 e6 3. d4 cxd4 4. Nxd4 Nf6 5. Nc3 Nc6 6. Ndb5 Bc5 7. Nd6+ Ke7 8. Bf4 e5 9. Nf5+ Kf8 10. Bg5 d6 11.
Bc4 Be6 12. Bb3 h6 13. Bxf6 Qxf6 14. Nd5 Bxd5 15. Qxd5 g6 16. Ne3 Bxe3 17. fxe3 Qe7 18. O-O Rh7 19. Rad1 Rd8 20. Rf2 Kg8 21. Rdf1 Rd7 22.
Rf6 Rg7 23. h4 Kh7 24. h5 g5 25. Qd1 Nd8 26. Qg4 Ne6 27. Qf5+ Kg8 28. Rxh6 Nc5 29. Bd5 g4 30. Rf6 b6 31. h6 Rh7 32. Qg6+ 1-0

[Event "Early-Titled-Tuesday-Blitz-May-14-2024"]
[Site "Chess.com"]
[Date "2024.05.14"]
[Round "7"]
[White "youngdinousaur"]
[Black "Szachulec75"]
[Result "0-1"]
[WhiteElo "2367"]
[BlackElo "2151"]
[TimeControl "180+1"]
[EndTime "9:19:15 PDT"]
[Termination "Szachulec75 won on time"]

1. d4 Nf6 2. Bg5 e6 3. Nd2 Be7 4. e3 O-O 5. Bd3 h6 6. Bh4 c5 7. c3 b6 8. Ngf3 Bb7 9. O-O Nc6 10. a3 d6 11. e4 e5 12. Re1 a6 13. Qe2 Re8 14.
Rad1 Qc7 15. dxe5 dxe5 16. Bxf6 Bxf6 17. Nf1 b5 18. Ne3 Ne7 19. Bc2 Ng6 20. g3 Rad8 21. Nd5 Bxd5 22. exd5 Nf8 23. Qe4 Qd6 24. a4 c4 25.
axb5 axb5 26. b3 Rc8 27. bxc4 Rxc4 28. Qe3 Rec8 29. Rc1 b4 30. Bd3 Rxc3 31. Rxc3 Rxc3 32. Qe4 g6 33. Rb1 b3 34. Bc4 Qb4 35. Nd2 b2 36.
Qe2 Rc1+ 37. Kg2 Bg5 38. Qd3 Qxd2 0-1

[Event "Early-Titled-Tuesday-Blitz-May-14-2024"]
[Site "Chess.com"]
[Date "2024.05.14"]
[Round "7"]
[White "kritipatel"]
[Black "talaicito"]
[Result "0-1"]
[WhiteElo "2161"]
[BlackElo "2365"]
[TimeControl "180+1"]
[EndTime "9:19:18 PDT"]
[Termination "talaicito won by resignation"]

1. d4 e6 2. c4 f5 3. Nc3 Nf6 4. f3 Bb4 5. Bd2 O-O 6. e3 d6 7.
Bd3 e5 8. Nge2 a5 9. O-O Nc6 10. d5 Nb8 11. e4 Bc5+ 12. Kh1 f4 13. a3 Nh5 14. Rb1 Rf6 15. b4 Ba7 16. Nb5 Bb6 17.
Qc2 axb4 18. axb4 Na6 19. Bc3 Rh6 20. c5 Nxc5 21. bxc5 Ng3+ 22. Nxg3 Rxh2+ 23. Kxh2 Qh4+ 24. Kg1 fxg3 25. Rfc1 Bxc5+ 26. Bd4 exd4 27. Nxc7 Ra2 28. Rb2 Rxb2 29. Qxb2 Qh2+ 30. Kf1 Qh1+ 31. Ke2 Qxg2+ 32. Kd1 Qxb2 33. Bc2 g2 34. Kd2 d3 0-1

[Event "Early-Titled-Tuesday-Blitz-May-14-2024"]
[Site "Chess.com"]
[Date "2024.05.14"]
[Round "7"]
[White "SAInt_666"]
[Black "KuzubovYuriy"]
[Result "1/2-1/2"]
[WhiteElo "2801"]
[BlackElo "2935"]
[TimeControl "180+1"]
[EndTime "9:19:19 PDT"]
[Termination "Game drawn by repetition"]

1. e4 c5 2. Nf3 Nc6 3. Bb5 d6 4.
O-O Bd7 5. c3 a6 6. Bxc6 Bxc6 7.
Re1 Nf6 8. d4 cxd4 9. cxd4 Bxe4 10. Bg5 d5 11. Nc3 e6 12. Bxf6 gxf6 13. Nxe4 dxe4 14.
Rxe4 Bg7 15. d5 f5 16. Re2 O-O 17. dxe6 Qxd1+ 18. Rxd1 fxe6 19. Rxe6 Rad8 20. Rxd8 Rxd8 21. g3 Bxb2 22. Rb6 Ba3 23. Rxb7 Rd5 24. Ra7 a5 25. Kg2 Bb4 26. h3 h5 27. Nh4 Rd2 28. Nxf5 Rxa2 29. Ne7+ Kf8 30. Nc6 Bc5 31. Rxa5 Rxf2+ 32. Kh1 Rf1+ 33.
Kg2 Rf2+ 34. Kh1 Rf1+ 35. Kg2 Rf2+ 1/2-1/2

[Event "Early-Titled-Tuesday-Blitz-May-14-2024"]
[Site "Chess.com"]
[Date "2024.05.14"]
[Round "7"]
[White "Revan_2002"]
[Black "lagunanivaria"]
[Result "1-0"]
[WhiteElo "2745"]
[BlackElo "2536"]
[TimeControl "180+1"]
[EndTime "9:19:19 PDT"]
[Termination "Revan_2002 won by resignation"]

1. d4 Nf6 2. c4 c5 3. d5 e6 4.
Nc3 exd5 5. cxd5 d6 6. Nf3 g6 7.
Nd2 Bg7 8. e4 a6 9. a4 O-O 10. Be2 Re8 11. O-O Nbd7 12. f3 Rb8 13. Nc4 Ne5 14. Ne3 b6 15. f4 Ned7 16. e5 dxe5 17. f5 e4 18. Nc4 gxf5 19. Bf4 Ra8 20. Nd6 Nf8 21. Nxe8 Nxe8 22. Kh1 Ng6 23. Bg3 Bb7 24.
Rxf5 Nd6 25. Bxd6 Qxd6 26. Nxe4 Qe7 27. Bf3 Bxb2 28. Rb1 Bd4 29. Rxb6 Bc8 30. d6 Qd8 31. d7 Qxb6 32. Nf6+ Bxf6 33. Rxf6 Qb4 34. d8=Q+ Kg7 35. Bxa8 Bg4 36. Qa1 Ne5 37. Qxe5 Qb1+ 38. Rf1+ 1-0